 Dungeon Crawl Stone Soup version 0.27.0-1-g7a089689b8 (webtiles) character file.

Game seed: 4927177369045818774

404 SnakkuSnakku7 the Slasher (level 6, -2/34 HPs)
             Began as a Deep Elf Gladiator on Aug 3, 2021.
             Slain by an iguana (7 damage)
             ... on level 4 of the Dungeon.
             The game lasted 00:04:42 (4961 turns).

SnakkuSnakku7 the Slasher (Deep Elf Gladiator)      Turns: 4961, Time: 00:04:43

Health: -2/34      AC:  7    Str: 13    XL:     6   Next: 56%
Magic:  8/8        EV: 11    Int: 13    God:
Gold:   162        SH:  0    Dex: 22    Spells: 5/5 levels left

rFire    . . .     SeeInvis .   a - +0 long sword
rCold    . . .     Faith    .   (no shield)
rNeg     . . .     Spirit   .   g - +0 scale mail
rPois    .         Reflect  .   c - +0 helmet
rElec    .         Harm     .   (no cloak)
rCorr    .         Rampage  .   (no gloves)
Will     +....                  (no boots)
Stlth    ..........             (no amulet)
HPRegen  0.11/turn              p - ring of willpower
MPRegen  0.11/turn              s - +6 ring of dexterity

@: no status effects
A: no striking features
a: no special abilities


You were on level 4 of the Dungeon.
You visited 1 branch of the dungeon, and saw 5 of its levels.

You collected 162 gold pieces.

Inventory:

Hand Weapons
 a - a +0 long sword (weapon)
Missiles
 d - a throwing net (quivered)
 x - 17 arrows
Armour
 b - a +0 leather armour
 c - a +0 helmet (worn)
 g - a +0 scale mail (worn)
Jewellery
 l - a ring of ice
 p - a ring of willpower (left hand)
 s - a +6 ring of dexterity (right hand)
Scrolls
 f - 2 scrolls of fog {unknown}
 h - 3 scrolls of noise {unknown}
 i - 2 scrolls of identify {unknown}
 j - a scroll of magic mapping {unknown}
 k - a scroll of immolation {unknown}
 o - 2 scrolls of teleportation {unknown}
 t - a scroll of amnesia {unknown}
Potions
 e - 5 potions of curing {unknown}
 m - a potion of attraction {unknown}
 n - a potion of magic {unknown}
 q - a potion of heal wounds {unknown}
 r - 2 potions of lignification {unknown}
 u - a potion of brilliance {unknown}
 v - a potion of haste {unknown}
 w - a potion of cancellation {unknown}


   Skills:
 - Level 1.5 Fighting
 + Level 6.8 Long Blades
 - Level 2.0 Throwing
 - Level 3.6 Dodging


You had 5 spell levels left.
You didn't know any spells.
Your spell library was empty.

Dungeon Overview and Level Annotations

Branches:
Dungeon (5/15)
 Temple: D:4-7

Altars:
Kikubaaqudgha

Shops:
D:4 *[(


Message History

The adder is severely wounded.
The adder bites you but does no damage.
You hit the adder.
You kill the adder!
The endoplasm hits you but does no damage.
You hit the endoplasm.
The endoplasm is moderately wounded.
The endoplasm hits you but does no damage.
You slash the endoplasm!
You kill the endoplasm!
No target in view!
You see here an adder corpse.
f - 2 scrolls labelled MAUFOCYRYXU (gained 1)
Found a long sword.
An iguana comes into view.
The iguana hisses angrily.
An iguana is nearby!
The iguana bites you!
You barely miss the iguana. The iguana bites you.
You barely miss the iguana. The iguana barely misses you.
You slash the iguana!
The iguana is heavily wounded.
The iguana bites you.
You are too injured to fight recklessly!
You are too injured to fight recklessly!
You are too injured to fight recklessly!
You hit the iguana.
The iguana is severely wounded.
The iguana bites you.
You hit the iguana.
The iguana is almost dead.
The iguana bites you but does no damage.
You hit the iguana but do no damage.
The iguana is almost dead.
The iguana bites you!
* * * LOW HITPOINT WARNING * * *
You barely miss the iguana.
The iguana is almost dead.
The iguana bites you!
You die...

....... #.....#
##.....## #####..
.....## ##....#### #
...... #.....# ###..
.....####..#...# ......
#......#..##....##
#.#### ##
#..##.....#....... .#
##..# #..####...........
.
......#..####.......###.
.
#......@..##...#..#..##.
.#
###...l#......##..##..†.
# #...####...## ..###...
# #... ##..## .####... #
### #......###.... #
............##
..##..##..#..## ###
.....###... ..... ###.


You could see an iguana.

Vanquished Creatures
  3 scorpions (D:4)
  2 orc priests (D:3)
  A hound skeleton (D:4)
  Robin (D:2)
  6 adders
  An ufetubus (D:4)
  A worm (D:3)
  4 dart slugs
  An orc (D:2)
  4 bats
  6 endoplasms
  3 giant cockroaches
  9 goblins
  10 hobgoblins
  8 jackals
  4 kobolds
  2 quokkas
  3 ball pythons (D:1)
  3 frilled lizards
  5 rats
77 creatures vanquished.

Notes
Turn   | Place    | Note
-------+----------+-------------------------------------------
     0 | D:1      | SnakkuSnakku7 the Deep Elf Gladiator began the quest for
                  | the Orb.
     0 | D:1      | Reached XP level 1. HP: 12/12 MP: 3/3
   229 | D:1      | Reached skill level 3 in Long Blades
   356 | D:1      | Reached XP level 2. HP: 11/16 MP: 4/4
   887 | D:1      | Reached XP level 3. HP: 11/20 MP: 5/5
  1291 | D:2      | Reached skill level 4 in Long Blades
  1423 | D:2      | Found an ancient bone altar of Kikubaaqudgha.
  1742 | D:2      | Noticed Robin
  1744 | D:2      | Reached XP level 4. HP: 23/25 MP: 6/6
  1778 | D:2      | Killed Robin
  2366 | D:3      | Found an ancient bone altar of Kikubaaqudgha.
  2567 | D:3      | Reached skill level 5 in Long Blades
  3300 | D:3      | Reached XP level 5. HP: 24/29 MP: 7/7
  4025 | D:4      | You fall into a shaft and drop 1 floor!
  4025 | D:5      | Entered Level 5 of the Dungeon
  4108 | D:4      | Reached skill level 6 in Long Blades
  4180 | D:4      | Reached XP level 6. HP: 24/34 MP: 8/8
  4279 | D:4      | Found Fyajuyz's Mass Market.
  4859 | D:4      | Found Hibbedgh's Weapon Shoppe.
  4859 | D:4      | Found Waton's Antique Armour Shop.
  4961 | D:4      | Slain by an iguana

Illustrated notes

Levels and vault maps discovered:
D:1:      heliophobic_arrival_dark_side_of_the_moon, layout_loops_ring
D:2:      layout_basic, basic_altar, uniq_robin
D:3:      layout_basic, nicolae_overflow_crystal_walls
D:4:      layout_layer_cave, minmay_shop_mass, nicolae_wooded_promenade
D:5:      layout_basic, chequers_temple_overflow_statue_of_worship,
          serial_shops, nicolae_stop_n_shop_2

Skill      XL: |  1  2  3  4  5 |
---------------+----------------+-----
Long Blades    | 3 4 5 6 |  6.8
Fighting       | |  1.5
Throwing       | |  2.0
Dodging        | |  3.6

Action                   |  1- 3 |  4- 6 || total
-------------------------+-------+-------++-------
Melee: Long sword        |   113 |   154 ||   267
Throw: Throwing net      |       |     3 ||     3
 Stab: Held in net/web   |       |     3 ||     3
Armor: Scale mail        |    86 |    66 ||   152
Dodge: Dodged            |    80 |    90 ||   170
       Rpst.: Long sword |    36 |    28 ||    64
